2985 views
Uploaded 2020-02-16 01:39:36
Game version 1.32 / 1.32.1
19:31 long 1on1 ladder game on (2)Amazonia
Saved by qdman
2985 views
Uploaded 2020-02-16 01:39:36
Game version 1.32 / 1.32.1
19:31 long 1on1 ladder game on (2)Amazonia

34 units @ 5k
/ 0.6k
27 buildings @ 2.6k
/ 1k


| Scroll of Regeneration | 3 | 300 |
| Staff of Sanctuary | 2 | 500 |
| Scroll of Town Portal | 3 | 1050 |
| Potion of Lesser Invulnerability | 1 | 150 |
| total: | 9 | 2000g |
| Peasant | 12 | 900 | / | 0 |
| Footman | 5 | 675 | / | 0 |
| Rifleman | 6 | 1230 | / | 180 |
| Priest | 3 | 405 | / | 30 |
| Knight | 5 | 1225 | / | 300 |
| Sorceress | 1 | 155 | / | 20 |
| Spell Breaker | 2 | 430 | / | 60 |
| total: | 34 | 5020g | / | 590w |
| Scout Tower | 7 | 210 | / | 140 |
| Guard Tower | 4 | 280 | / | 200 |
| Arcane Tower | 1 | 70 | / | 50 |
| Altar of Kings | 1 | 180 | / | 50 |
| Farm | 12 | 960 | / | 240 |
| Barracks | 2 | 320 | / | 120 |
| Blacksmith | 1 | 140 | / | 60 |
| Arcane Vault | 1 | 130 | / | 30 |
| Lumber Mill | 1 | 120 | / | 0 |
| Town Hall | 1 | 385 | / | 205 |
| Arcane Sanctum | 1 | 150 | / | 140 |
| Keep | 1 | 320 | / | 210 |
| Castle | 1 | 360 | / | 210 |
| total: | 27 | 2595g | / | 985w |
| 0:01 | Peasant |
| 0:01 | Peasant |
| 0:06 | Altar of Kings |
| 0:10 | Farm |
| 0:14 | Barracks |
| 0:16 | Peasant |
| 0:27 | Peasant |
| 0:48 | Peasant |
| 0:51 | Farm |
| 0:58 | Peasant |
| 1:19 | Footman |
| 1:20 | Peasant |
| 1:30 | Footman |
| 1:41 | Farm |
| 1:53 | Blacksmith |
| 2:00 | Peasant |
| 2:08 | Summon Water Elemental |
| 2:22 | Peasant |
| 2:23 | Peasant |
| 2:32 | Footman |
| 3:33 | Keep |
| 3:33 | Rifleman |
| 3:44 | Footman |
| 4:03 | Rifleman |
| 4:07 | Farm |
| 4:08 | Footman |
| 4:13 | Arcane Vault |
| 5:26 | Scroll of Regeneration |
| 5:26 | Scroll of Regeneration |
| 5:29 | Brilliance Aura |
| 5:42 | Lumber Mill |
| 6:18 | Summon Water Elemental |
| 6:36 | Arcane Sanctum |
| 6:38 | Castle |
| 6:40 | Long Rifles |
| 6:40 | Rifleman |
| 6:53 | Rifleman |
| 6:55 | Black Gunpowder |
| 6:58 | Improved Lumber Harvesting |
| 7:05 | Farm |
| 7:17 | Scroll of Regeneration |
| 7:30 | Storm Bolt |
| 7:41 | Farm |
| 8:10 | Rifleman |
| 8:12 | Refined Gunpowder |
| 8:46 | Thunder Clap |
| 8:51 | Rifleman |
| 8:53 | Priest |
| 8:53 | Priest |
| 10:15 | Storm Bolt |
| 10:24 | Animal War Training |
| 10:25 | Sundering Blades |
| 10:25 | Knight |
| 10:28 | Barracks |
| 10:31 | Priest Adept Training |
| 10:31 | Sorceress Adept Training |
| 10:31 | Priest |
| 10:32 | Sorceress |
| 10:34 | Brilliance Aura |
| 10:44 | Potion of Lesser Invulnerability |
| 10:56 | Town Hall |
| 10:57 | Scout Tower |
| 10:57 | Scout Tower |
| 10:58 | Scout Tower |
| 10:58 | Farm |
| 10:59 | Farm |
| 11:51 | Farm |
| 11:56 | Scout Tower |
| 11:57 | Guard Tower |
| 12:04 | Scroll of Town Portal |
| 12:08 | Priest Master Training |
| 12:25 | Guard Tower |
| 12:27 | Scout Tower |
| 12:28 | Farm |
| 13:29 | Peasant |
| 13:29 | Peasant |
| 13:31 | Scout Tower |
| 13:38 | Improved Masonry |
| 13:39 | Advanced Lumber Harvesting |
| 13:50 | Guard Tower |
| 13:53 | Farm |
| 13:56 | Farm |
| 13:58 | Scout Tower |
| 14:06 | Scroll of Town Portal |
| 15:10 | Knight |
| 15:13 | Staff of Sanctuary |
| 15:29 | Guard Tower |
| 15:31 | Arcane Tower |
| 15:45 | Iron Plating |
| 15:46 | Iron Forged Swords |
| 16:21 | Scroll of Town Portal |
| 16:26 | Knight |
| 17:15 | Staff of Sanctuary |
| 18:01 | Summon Water Elemental |
| 18:23 | Thunder Clap |
| 18:57 | Knight |
| 18:57 | Knight |
| 18:59 | Spell Breaker |
| 18:59 | Spell Breaker |
| 19:16 | Advanced Masonry |
| Right click | 593 |
| Select | 330 |
| Select group | 236 |
| Misc. action | 192 |
| Build/train/purchase | 118 |
| Assign group | 31 |
| Use ability | 21 |
| Item give/drop | 3 |
| Esc | 3 |
| Remove unit | 1 |
44 units @ 5.1k
/ 1.1k
15 buildings @ 2.7k
/ 1k


| Staff of Preservation | 2 | 300 |
| Potion of Healing | 2 | 300 |
| Orb of Venom | 1 | 325 |
| Anti-magic Potion | 3 | 300 |
| Potion of Mana | 2 | 400 |
| total: | 10 | 1625g |
| Wisp | 22 | 1320 | / | 0 |
| Archer | 6 | 780 | / | 60 |
| Dryad | 10 | 1450 | / | 600 |
| Druid of the Claw | 6 | 1530 | / | 480 |
| total: | 44 | 5080g | / | 1140w |
| Altar of Elders | 1 | 180 | / | 50 |
| Moon Well | 8 | 1440 | / | 320 |
| Ancient of War | 1 | 150 | / | 60 |
| Hunter's Hall | 1 | 210 | / | 100 |
| Ancient of Wonders | 1 | 90 | / | 30 |
| Tree of Life | 1 | 340 | / | 185 |
| Ancient of Lore | 2 | 310 | / | 290 |
| Tree of Ages | 1 | 320 | / | 180 |
| Tree of Eternity | 1 | 330 | / | 200 |
| total: | 15 | 2720g | / | 1035w |
| 0:01 | Wisp |
| 0:06 | Altar of Elders |
| 0:08 | Wisp |
| 0:17 | Moon Well |
| 0:31 | Wisp |
| 0:33 | Wisp |
| 0:47 | Wisp |
| 0:51 | Ancient of War |
| 0:56 | Wisp |
| 1:11 | Wisp |
| 1:37 | Wisp |
| 1:41 | Moon Well |
| 1:56 | Archer |
| 1:58 | Wisp |
| 2:25 | Mana Burn |
| 2:48 | Tree of Ages |
| 2:53 | Archer |
| 3:09 | Archer |
| 3:19 | Moon Well |
| 3:31 | Archer |
| 3:52 | Archer |
| 4:05 | Hunter's Hall |
| 4:24 | Ancient of Wonders |
| 5:01 | Evasion |
| 5:15 | Wisp |
| 5:15 | Wisp |
| 5:17 | Ancient of Lore |
| 5:21 | Ancient of Lore |
| 5:46 | Frost Arrows |
| 5:58 | Mana Burn |
| 6:12 | Staff of Preservation |
| 6:12 | Potion of Healing |
| 6:20 | Tree of Eternity |
| 6:34 | Dryad |
| 6:57 | Moon Well |
| 7:03 | Druid of the Claw Adept Training |
| 7:22 | Druid of the Claw |
| 7:43 | Abolish Magic |
| 8:18 | Druid of the Claw |
| 8:22 | Forked Lightning |
| 8:35 | Staff of Preservation |
| 8:40 | Druid of the Claw |
| 8:52 | Wisp |
| 8:53 | Wisp |
| 9:30 | Druid of the Claw Master Training |
| 9:43 | Wisp |
| 9:43 | Wisp |
| 9:55 | Druid of the Claw |
| 10:17 | Evasion |
| 10:19 | Dryad |
| 10:32 | Moon Well |
| 10:50 | Forked Lightning |
| 10:56 | Tree of Life |
| 11:21 | Moon Well |
| 11:23 | Moon Well |
| 11:51 | Orb of Venom |
| 11:55 | Well Spring |
| 12:23 | Anti-magic Potion |
| 12:34 | Druid of the Claw |
| 12:35 | Dryad |
| 13:01 | Wisp |
| 13:01 | Wisp |
| 13:01 | Wisp |
| 13:01 | Wisp |
| 13:12 | Dryad |
| 13:31 | Dryad |
| 13:43 | Mark of the Claw |
| 13:56 | Moon Well |
| 14:18 | Anti-magic Potion |
| 15:12 | Druid of the Claw |
| 15:22 | Marksmanship |
| 15:26 | Archer |
| 15:45 | Reinforced Hides |
| 15:47 | Wisp |
| 15:48 | Wisp |
| 15:58 | Dryad |
| 16:08 | Anti-magic Potion |
| 16:10 | Potion of Healing |
| 16:25 | Potion of Mana |
| 16:27 | Potion of Mana |
| 16:31 | Improved Bows |
| 16:51 | Dryad |
| 16:59 | Wisp |
| 17:55 | Dryad |
| 17:55 | Dryad |
| 18:04 | Dryad |
| 19:01 | Metamorphosis |
| 19:01 | Mana Burn |
| 19:09 | Improved Reinforced Hides |
| 19:09 | Strength of the Wild |
| 19:21 | Frost Arrows |
| Right click | 1517 |
| Select group | 585 |
| Select | 583 |
| Build/train/purchase | 124 |
| Use ability | 54 |
| Assign group | 42 |
| Misc. action | 13 |
| Item give/drop | 7 |
| Esc | 2 |